 Dungeon Crawl Stone Soup version 0.29-a0-322-g68df515428 (webtiles) character file.

Game seed: 2767066052100665112

623 testman the Chiller (level 7, -4/48 HPs)
             Began as a Merfolk Ice Elementalist on Apr 6, 2022.
             Slain by a gnoll sergeant
             ... wielding a +4 trident of electrocution
              (18 damage)
             ... on level 4 of the Dungeon.
             The game lasted 00:16:53 (4639 turns).

testman the Chiller (Merfolk Ice Elementalist)      Turns: 4639, Time: 00:16:53

Health: -4/48      AC: 13    Str:  8    XL:     7   Next: 46%
Magic:  7/13       EV: 12    Int: 16    God:
Gold:   158        SH:  0    Dex: 15    Spells: 3/14 levels left

rFire   . . .      SeeInvis .   D - +0 trident (venom)
rCold   . . .      Faith    .   (no shield)
rNeg    . . .      Spirit   .   A - +2 robe {Will+}
rPois   .          Reflect  .   v - +2 hat
rElec   .          Harm     .   (no cloak)
rCorr   .          Rampage  .   y - +0 pair of gloves
Will    ++...                   (no boots)
Stlth   ++........              (no amulet)
HPRegen 0.16/turn               c - ring of willpower
MPRegen 0.13/turn               q - ring of wizardry

@: ice-armoured, freezing walls
A: (nimble swimmer 2), mertail
a: no special abilities


You were on level 4 of the Dungeon.
You visited 1 branch of the dungeon, and saw 4 of its levels.

You collected 158 gold pieces.

Inventory:

Hand Weapons
 D - a +0 trident of venom (weapon)
Missiles
 l - 144 stones
Armour
 v - a +2 hat (worn)
 y - a +0 pair of gloves (worn)
 A - a +2 robe of willpower (worn)
Jewellery
 c - a ring of willpower (left hand)
 q - a ring of wizardry (right hand)
Wands
 u - a wand of acid (8)
Scrolls
 a - a scroll of summoning {unknown}
 f - 3 scrolls of enchant armour {unknown}
 g - 2 scrolls of identify {unknown}
 h - a scroll of silence {unknown}
 i - a scroll of teleportation {unknown}
 n - a scroll of blinking {unknown}
 p - a scroll of amnesia {unknown}
 r - a scroll of noise {unknown}
 s - a scroll of torment {unknown}
 w - 3 scrolls of immolation {unknown}
 x - a scroll of fear {unknown}
Potions
 b - a potion of magic
 e - a potion of curing {unknown}
 j - a potion of haste {unknown}
 k - a potion of berserk rage
 m - a potion of lignification {unknown}
 o - 2 potions of degeneration {unknown}
 z - a potion of brilliance {unknown}
 B - a potion of invisibility {unknown}
 C - 2 potions of attraction {unknown}


   Skills:
 + Level 1.4 Fighting
 + Level 2.4 Polearms
 - Level 2.6 Dodging
 - Level 2.1 Stealth
 - Level 4.0 Spellcasting
 - Level 4.0 Conjurations
 + Level 6.0 Ice Magic


You had 3 spell levels left.
You knew the following spells:

 Your Spells              Type           Power      Damage    Failure   Level
a - Freeze                Ice            88%        1d10      1%          1
b - Frozen Ramparts       Ice            44%        1d6       1%          3
c - Ozocubu's Armour      Ice            22%        N/A       1%          3
d - Hailstorm             Conj/Ice       19%        3d6       9%          4

Your spell library contained the following spells:

 Spells                   Type           Power      Damage    Failure   Level
 Ensorcelled Hibernation  Hex/Ice        24%        N/A       3%          2
 Spider Form              Tmut/Pois      3%         N/A       21%         3
 Anguish                  Hex/Necr       1%         N/A       52%         4


Dungeon Overview and Level Annotations

Branches:
Dungeon (4/15)
 Temple: D:4-7

Altars:

Shops:
D:1 [   D:4 *

Annotations:
D:4 1 transporter, sammy202020's ghost, amateur DsBe


Innate Abilities, Weirdness & Mutations

((You are very nimble when in or above water. (Stealth+, EV+, Speed+++)))
Your lower body shifts to a powerful aquatic tail in water.


Message History

The wall freezes the gnoll. x2; The gnoll closely misses you.
The wall freezes the gnoll sergeant.
The wall freezes the gnoll. x2
The gnoll hits you but does no damage.
Casting: Frozen Ramparts (safe; 1% risk of failure)
Confirm with . or Enter, or press ? or * to list all spells.
A film of ice covers your body!
The wall freezes the gnoll.
The gnoll closely misses you.
The wall freezes the gnoll.
The gnoll hits you but does no damage.
The wall freezes the gnoll sergeant.
The gnoll sergeant hits you from afar with a +4 trident of electrocution.
The wall freezes the gnoll.
The gnoll closely misses you.
The wall freezes the gnoll.
The gnoll barely misses you.
You closely miss the gnoll.
The gnoll is moderately wounded.
The wall freezes the gnoll.
The gnoll zaps a wand.
You resist with almost no effort.
The wall freezes the gnoll.
The gnoll closely misses you.
The wall freezes the gnoll sergeant.
The gnoll sergeant hits you from afar with a +4 trident of electrocution.
The wall freezes the gnoll.
The gnoll hits you but does no damage.
The wall freezes the gnoll.
You kill the gnoll!
You hit the gnoll.
The gnoll is almost dead.
The wall freezes the gnoll.
You kill the gnoll!
The wall freezes the gnoll sergeant.
The gnoll sergeant hits you from afar with a +4 trident of electrocution!
You are electrocuted!!
The wall freezes the gnoll. x2; The gnoll misses you.
Reach: D) +0 trident (venom)
Press: ? - help, Dir - move target, f - gnoll sergeant
Aim: a gnoll sergeant, wielding a +4 trident of electrocution, wearing a +2 ring mail and wearing a +0 kite shield (heavily wounded, about 31% to evade your +0 trident of venom)
You reach to attack!
You hit the gnoll sergeant.
The gnoll sergeant is poisoned.
The gnoll sergeant is severely wounded.
The wall freezes the gnoll!
You kill the gnoll!
The wall freezes the gnoll sergeant.
The gnoll sergeant hits you from afar with a +4 trident of electrocution.
* * * LOW HITPOINT WARNING * * *
You are electrocuted!!
You die...

#######.≈≈##.###.# #.##≈≈..#
.....##.≈≈#g....... ..#≈≈..#
####.##.≈≈###.##'##.###≈≈..#
##.##.≈≈..#.#...#.#..≈≈..#
##.....≈≈.##.#⌠.⌠#.##.≈≈..#
#......≈≈.#g.#...#..#.≈≈..#
#......≈≈.##.##.##.##.≈≈..#
#......≈≈..#.#P)P#.#......#
#......≈≈.©#.'g@.g.#©.....#
#......≈≈..#.#8)8#.#......#
##.###.≈≈.##.#####.##.≈≈..#
#.....≈≈.#..#=:$#..#.≈≈..#
#####.≈≈.##.#...#.##.≈≈..# #
#....≈≈..#.#W$$#.#..≈≈..# #
#.##.≈≈###.##+##.###≈≈..# #
#.##.≈≈#...........#≈≈..# #
#.##.≈≈##.###.###.##≈≈.##


You could see a gnoll sergeant (very poisoned) and a gnoll.

Vanquished Creatures
  Sigmund (D:4)
  Edmund (D:4)
  A gnoll shaman (D:4)
  3 orc wizards (D:3)
  Robin (D:4)
  12 gnolls
  2 adders
  2 worms (D:2)
  4 dart slugs
  9 orcs (D:3)
  7 endoplasms
  A giant cockroach (D:3)
  13 goblins
  6 hobgoblins
  7 kobolds
  4 quokkas
  7 ball pythons
  8 bats
  A frilled lizard (D:2)
  5 rats
95 creatures vanquished.

Vanquished Creatures (others)
  4 plants (D:4)
4 creatures vanquished.

Grand Total: 99 creatures vanquished

Notes
Turn   | Place    | Note
-------+----------+-------------------------------------------
     0 | D:1      | testman the Merfolk Ice Elementalist began the quest for
                  | the Orb.
     0 | D:1      | Reached XP level 1. HP: 13/13 MP: 3/3
   284 | D:1      | Found Coro's Antique Armour Shoppe.
   342 | D:1      | Reached XP level 2. HP: 9/19 MP: 3/5
  1409 | D:2      | Reached XP level 3. HP: 9/24 MP: 0/7
  1487 | D:2      | Learned a level 3 spell: Frozen Ramparts
  1491 | D:2      | Learned a level 3 spell: Ozocubu's Armour
  1503 | D:2      | Reached skill level 5 in Ice Magic
  1821 | D:2      | Found a faded altar of an unknown god.
  2331 | D:2      | Reached XP level 4. HP: 24/30 MP: 4/8
  3081 | D:3      | Reached XP level 5. HP: 32/35 MP: 5/10
  3338 | D:3      | Learned a level 4 spell: Hailstorm
  3524 | D:3      | Reached skill level 6 in Ice Magic
  3529 | D:3      | Reached skill level 1 in Conjurations
  3837 | D:4      | Noticed Sigmund
  3849 | D:4      | Killed Sigmund
  3850 | D:4      | Reached XP level 6. HP: 24/41 MP: 3/12
  4033 | D:4      | Reached XP level 7. HP: 46/46 MP: 7/13
  4173 | D:4      | Noticed Robin
  4180 | D:4      | Killed Robin
  4333 | D:4      | Noticed Edmund
  4342 | D:4      | Killed Edmund
  4343 | D:4      | Reached skill level 1 in Fighting
  4464 | D:4      | Found Faz Poug's Assorted Antiques.
  4494 | D:4      | Noticed sammy202020's ghost (amateur DsBe)
  4503 | D:4      | Found a transporter.
  4616 | D:4      | Found a transporter.
  4639 | D:4      | Slain by a gnoll sergeant

Illustrated notes

Levels and vault maps discovered:
D:1:      ebering_trefoil_twist, layout_basic, serial_shops, shop_statue,
          skrybe_limestone_x
D:2:      layout_rooms, nicolae_ecumenical_oubliette, st_stairs_5
D:3:      layout_basic
D:4:      layout_loops_ring, serial_shops, nicolae_take_the_stairs,
          gammafunk_ghost_gnarly_gnolls, minmay_crossroads, uniq_sigmund,
          uniq_robin, uniq_edmund

Skill      XL: |  1  2  3  4  5  6  7 |
---------------+----------------------+-----
Ice Magic      | 5 6 |  6.0
Spellcasting   | 3 4 |  4.0
Conjurations   | 3 4 |  4.0
Fighting       | 1 |  1.4
Polearms       | 2 |  2.4
Dodging        | |  2.6
Stealth        | |  2.1

Action                   |  1- 3 |  4- 6 |  7- 9 || total
-------------------------+-------+-------+-------++-------
Melee: Dagger            |    72 |    62 |       ||   134
       Spear             |       |    19 |    14 ||    33
       Trident           |       |       |    12 ||    12
 Cast: Freeze            |    33 |     9 |       ||    42
       Frozen Ramparts   |     3 |    13 |     4 ||    20
       Ozocubu's Armour  |       |     4 |     3 ||     7
 Stab: Sleeping          |     4 |     3 |     1 ||     8
Armor: Robe              |    24 |    25 |     6 ||    55
Dodge: Dodged            |    76 |    51 |    15 ||   142

Table legend: (Time is in decaauts)
 A = Elapsed time spent in this place.
 B = Non-inter-level travel time spent in this place.
 C = Inter-level travel time spent in this place.
 D = Time resting spent in this place.
 E = Time spent auto-exploring this place.
 F = Levels seen in this place.
 G = Mean time per level.
                   A        B        C        D        E       F      G
               +--------+--------+--------+--------+--------+-----+--------+
         Total |   4627 |   4511 |    116 |   1269 |   2532 |   4 | 1156.8 |
       Dungeon |   4627 |   4511 |    116 |   1269 |   2532 |   4 | 1156.8 |
               +--------+--------+--------+--------+--------+-----+--------+

Top non-repeatable levels by time:
     D:2: 1458 daAuts
     D:3: 1187 daAuts
     D:1: 1152 daAuts
     D:4: 829 daAuts
